AoeStats
← Clueless Clown

Arabia

505021355Analyzed
2v2 RM · 24d ago on Sep 7, 2026· 20m 46s· 4 players
Game mode
Random Map
Map size
Medium (4 player)
Population
200
Speed
Normal
Resources
Standard
Victory
Conquest
Starting age
Dark Age
Ending age
Imperial Age
RankedLock teamsTeams togetherTeam positionsShared explorationLock speedFull tech treeHidden civsTurbo modeCheats
Victory
Defeat
🇫🇷 Franks · France
1061
+14
🇨🇳 Ethiopians · China
1026
+16
🇺🇸 Franks · United States
1026
-15
🇺🇸 Spanish · United States
1025
-15
Clueless Clown
6:28 Loom
9:31 Feudal Age
9:59 Double-Bit Axe
13:57 Scale Barding Armor
18:13 Wheelbarrow
20:58 Castle Age
19:02 Gold Mining
20:13 Forging
mojojojo
7:45 Loom
15:10 Feudal Age
21:26 Castle Age
Val
6:31 Loom
9:33 Feudal Age
15:14 Double-Bit Axe
19:35 Castle Age
19:01 Gold Mining
20:47 Husbandry
21:15 Forging
21:11 Scale Barding Armor
着什么急
6:01 Loom
6:47 Loom
9:42 Feudal Age
10:36 Double-Bit Axe
14:51 Gold Mining
15:03 Fletching
18:29 Horse Collar
18:56 Padded Archer Armor
22:39 Castle Age
Connection lost

Rejoining the realm…

Still unreachable

The connection could not be restored.

Session expired

The server has moved on; the page needs a fresh start.